 Dungeon Crawl Stone Soup version 0.28.0-45-g0d030f2227 (webtiles) character file.

Game seed: 15630230444158261602

35743 poisonrat88 the Severer (level 13, -1/124 HPs)
             Began as a Minotaur Berserker on Apr 24, 2022.
             Was a High Priest of Trog.
             Slain by a dream sheep (4 damage)
             ... on level 5 of the Lair of Beasts.
             The game lasted 00:26:54 (18463 turns).

poisonrat88 the Severer (Minotaur Berserker)       Turns: 18463, Time: 00:26:54

Health: -1/124     AC: 13    Str: 35    XL:     13   Next: 49%
Magic:  12/12      EV: 14    Int:  6    God:    Trog [*****.]
Gold:   691        SH:  0    Dex: 10    Spells: 12/12 levels left

rFire   + + .      SeeInvis .   K - +7 broad axe
rCold   . . .      Faith    .   (no shield)
rNeg    + . .      Spirit   .   x - +0 scale mail of Love and Death {Str+6}
rPois   +          Reflect  .   (helmet restricted)
rElec   .          Harm     .   F - +2 cloak {rF+}
rCorr   .          Rampage  .   (no gloves)
Will    .....                   (no boots)
Stlth   +.........              I - amulet of regeneration
HPRegen 1.10/turn               c - ring of positive energy
MPRegen 0.13/turn               C - ring of protection from fire

@: no status effects
A: horns 2, retaliatory headbutt, clever 1, sense surroundings 1, poison
resistance, strong 1
a: Renounce Religion, Berserk, Trog's Hand, Brothers in Arms


You were on level 5 of the Lair of Beasts.
You worshipped Trog.
Trog was extremely pleased with you.
You visited 2 branches of the dungeon, and saw 13 of its levels.

You collected 1013 gold pieces.
You spent 322 gold pieces at shops.

Inventory:

Hand Weapons
 a - a +1 hand axe of electrocution
 u - a +0 battleaxe
 K - a +7 broad axe (weapon)
Missiles
 m - a throwing net (quivered)
Armour
 f - +3 swamp dragon scales
 x - the +0 scale mail of Love and Death (worn) {Str+6}
   (You found it on level 3 of the Lair of Beasts)

   Str:       It affects your strength (+6).
 F - a +2 cloak of fire resistance (worn)
 H - a +0 scale mail
Jewellery
 c - a ring of positive energy (left hand)
 r - an amulet of the acrobat
 y - a ring of willpower
 z - an amulet of faith
 C - a ring of protection from fire (right hand)
 I - an amulet of regeneration (around neck)
Wands
 h - a wand of flame (31)
 t - a wand of iceblast (7)
 B - a wand of digging (6)
 G - a wand of paralysis (7)
Scrolls
 g - 3 scrolls of fog
 l - 2 scrolls of fear
 q - 5 scrolls of magic mapping
 s - 3 scrolls of blinking {unknown}
 v - 2 scrolls of teleportation
 w - a scroll of vulnerability {unknown}
 E - a scroll of enchant armour
 M - a scroll of identify
Potions
 b - 2 potions of cancellation
 d - 2 potions of heal wounds {unknown}
 e - 2 potions of mutation
 i - 6 potions of flight
 j - 2 potions of brilliance
 k - a potion of curing
 n - 4 potions of might
 o - a potion of berserk rage {unknown}
 p - a potion of resistance {unknown}
 A - 2 potions of invisibility {unknown}
 D - 3 potions of attraction {unknown}
 J - a potion of lignification {unknown}
 L - 5 potions of ambrosia


   Skills:
 * Level 14.1 Fighting
 * Level 17.2 Axes
 * Level 13.2 Armour
 * Level 10.2 Dodging
 + Level 3.1 Stealth


You had 12 spell levels left.
You didn't know any spells.
Your spell library was empty.

Dungeon Overview and Level Annotations

Branches:
Dungeon (8/15)             Temple (0/1) D:4            Lair (5/6) D:8
 Shoals (0/4) Lair:3       Spider (0/4) Lair:4
  Slime: Lair:5-6

Altars:
Ashenzari
Dithmenos
Makhleb
Okawaru
Qazlal
Trog
Uskayaw
The Shining One

Shops:
D:8 *


Innate Abilities, Weirdness & Mutations

You have a pair of horns on your head.
You reflexively headbutt those who attack you in melee.
Your mind is acute. (Int +2)
You passively map a small area around you.
Your system is resistant to poisons. (rPois)
Your muscles are strong. (Str +2)


Message History

You slash the catoblepas!
The catoblepas is moderately wounded.
You slash the death yak! The death yak gores you!
You slice the catoblepas!! You headbutt the catoblepas!
The catoblepas is heavily wounded.
You barely miss the death yak. The catoblepas closely misses you.
You furiously retaliate!
You headbutt the catoblepas, but do no damage.
The death yak misses you. You furiously retaliate!
You headbutt the death yak, but do no damage.
You hit the catoblepas.
The catoblepas is severely wounded.
You slice the death yak!! The catoblepas closely misses you.
The death yak gores you but does no damage.
Unknown command.
You slash the catoblepas!
The catoblepas is severely wounded.
You slash the dream sheep! You slice the death yak!!
The dream sheep shake their wool and sparkle.
You feel drowsy...
You fall asleep.
The catoblepas gores you!!!!
You wake up.
Ouch! That really hurt!
* * * LOW HITPOINT WARNING * * *
You are too injured to fight recklessly!
Unknown command.
You are too injured to fight recklessly!
Unknown command.
You are too injured to fight recklessly!
Unknown command.
You are too injured to fight recklessly!
Unknown command.
You are too injured to fight recklessly!
Unknown command.
You are too injured to fight recklessly!
Unknown command.
Okay, then.
You feel better.
The blink frog blinks!
The death yak gores you!
* * * LOW HITPOINT WARNING * * *
The dream sheep bites you.
You die...

, , * ,#.>. .#* ♣# .#...
.♣* .. ♣.. *....# ♣.##
.###.♣ , ,.#..# , ♣....
,..F..♣ ,#).. , ♣....
*,*Y....♣ ,#... , ♣..P.Y
YY...♣ *#... +
,*♣P≈...###YY.≈.♣* , ,
#... , *♣P.....♣@YY...♣
#... * * ♣Y♣♣♣♣♣♣♣ * ,
#..# * ##
##.##############..# *
,.♣♣...♣♣...♣#^.......#
**♣..♣♣♣..♣♣♣.#.#.P....#
, * * ♣.. ♣..♣
♣.#.....##.. , ,
♣..♣♣♣..♣♣♣.#.######P.
.♣♣...♣♣...♣#..# ##. ,
,P########.########.##
###..


You could see a death yak, a catoblepas, 3 yaks, a blink frog and 3 dream sheep.

Vanquished Creatures
  A catoblepas (Lair:4)
  2 hydras
  A boulder beetle (Lair:2)
  A two-headed ogre (D:8)
  Nergalle (Lair:2)
  A manticore (Lair:3)
  8 elephants
  5 black mambas
  2 torpor snails (Lair:5)
  Maggie (Lair:2)
  2 komodo dragons
  A rime drake (Lair:2)
  9 cane toads
  A queen bee (Lair:4)
  3 polar bears
  3 meliai (Lair:4)
  A wind drake (Lair:3)
  Prince Ribbit (D:6)
  33 blink frogs
  50 yaks
  5 basilisks
  2 wyverns
  A steam dragon (D:6)
  3 redbacks (Lair:4)
  12 water moccasins
  3 sky beasts
  2 orc warriors
  6 black bears
  A hornet zombie (D:8)
  An ice beast (D:6)
  2 ogres
  3 phantoms (D:5)
  A kobold brigand (D:4)
  10 bullfrogs
  3 scorpions
  A wyvern zombie (D:8)
  A water moccasin zombie (D:3)
  21 killer bees (Lair:4)
  A water moccasin skeleton (D:3)
  11 wights
  3 howler monkeys (D:8)
  8 electric eels
  A bullfrog zombie (D:5)
  3 centaur zombies
  3 hounds
  2 jellies
  4 orc priests
  A centaur skeleton (D:5)
  A gnoll shaman (D:7)
  2 bullfrog skeletons (D:5)
  5 iguanas
  5 orc wizards
  A hound skeleton (D:4)
  13 adders
  13 gnolls
  An ufetubus (D:5)
  2 adder skeletons (D:4)
  2 worms
  27 orcs
  7 ball pythons
  2 bats
  7 endoplasms
  4 giant cockroaches
  34 goblins
  30 hobgoblins
  4 quokkas
  18 frilled lizards
  9 kobolds
  A rat (D:1)
  A fire vortex (Lair:3)
431 creatures vanquished.

Vanquished Creatures (others)
  16 fungi
  86 plants
102 creatures vanquished.

Grand Total: 533 creatures vanquished

Notes
Turn   | Place    | Note
-------+----------+-------------------------------------------
     0 | D:1      | poisonrat88 the Minotaur Berserker began the quest for the
                  | Orb.
     0 | D:1      | Reached XP level 1. HP: 19/19 MP: 0/0
    51 | D:1      | Reached XP level 2. HP: 9/27 MP: 1/1
    74 | D:1      | Reached skill level 4 in Axes
   639 | D:1      | Found a faded altar of an unknown god.
   762 | D:2      | Reached XP level 3. HP: 23/33 MP: 2/2
  1240 | D:2      | Reached ** piety under Trog
  1759 | D:3      | Reached skill level 5 in Axes
  1759 | D:3      | Reached XP level 4. HP: 29/41 MP: 3/3
  1761 | D:3      | Reached XP level 5. HP: 31/47 MP: 4/4
  2123 | D:3      | Reached skill level 5 in Fighting
  2213 | D:3      | Found an iron altar of Okawaru.
  2477 | D:3      | Found a bloodstained altar of Trog.
  2740 | D:3      | Found a glowing golden altar of the Shining One.
  2810 | D:3      | Reached XP level 6. HP: 56/56 MP: 5/5
  3159 | D:4      | Reached *** piety under Trog
  3347 | D:4      | Found a burning altar of Makhleb.
  3585 | D:4      | Reached skill level 6 in Axes
  3709 | D:4      | Reached skill level 5 in Armour
  3723 | D:4      | Reached XP level 7. HP: 52/61 MP: 6/6
  3919 | D:4      | Found a hide-covered altar of Uskayaw.
  4188 | D:4      | Found a staircase to the Ecumenical Temple.
  4209 | D:4      | Reached **** piety under Trog
  4253 | D:4      | Reached skill level 7 in Axes
  4893 | D:5      | Entered Level 5 of the Dungeon
  5085 | D:5      | Reached skill level 8 in Axes
  5091 | D:5      | Reached XP level 8. HP: 70/70 MP: 7/7
  5264 | D:5      | Reached skill level 1 in Stealth
  5545 | D:5      | Reached skill level 9 in Axes
  5666 | D:5      | Reached skill level 5 in Dodging
  6287 | D:5      | Reached XP level 9. HP: 50/78 MP: 8/8
  6780 | D:6      | Reached skill level 10 in Axes
  7082 | D:6      | Noticed Prince Ribbit
  7094 | D:6      | Killed Prince Ribbit
  7568 | D:6      | Reached skill level 11 in Axes
  8233 | D:6      | Found a broken altar of Ashenzari.
  8867 | D:7      | Reached XP level 10. HP: 88/88 MP: 9/9
  9347 | D:7      | Gained mutation: You have hidden genetic potential. [potion
                  | of mutation]
  9347 | D:7      | Gained mutation: Your mind is acute. (Int +2) [potion of
                  | mutation]
  9347 | D:7      | Gained mutation: Your muscles are strong. (Str +2) [potion
                  | of mutation]
  9386 | D:8      | Found Xoask's Fire Supplies.
  9409 | D:8      | Bought a +2 cloak of fire resistance for 322 gold pieces
  9444 | D:8      | Noticed a two-headed ogre
  9459 | D:8      | Killed a two-headed ogre
  9460 | D:8      | Reached skill level 12 in Axes
  9804 | D:8      | Found a shadowy altar of Dithmenos.
 11195 | D:8      | Found a staircase to the Lair.
 11484 | D:8      | Found a stormy altar of Qazlal.
 11871 | Lair:1   | Entered Level 1 of the Lair of Beasts
 11901 | Lair:1   | Reached skill level 13 in Axes
 11901 | Lair:1   | Reached skill level 10 in Armour
 12331 | Lair:1   | Noticed a cane toad
 12340 | Lair:1   | Reached XP level 11. HP: 97/97 MP: 10/10
 12357 | Lair:1   | Reached skill level 10 in Fighting
 12362 | Lair:1   | Reached ***** piety under Trog
 12374 | Lair:1   | Gained mutation: You passively map a small area around you.
                  | [hidden potential]
 13290 | Lair:2   | Noticed Nergalle
 13307 | Lair:2   | Killed Nergalle
 13315 | Lair:2   | Reached skill level 14 in Axes
 13728 | Lair:2   | Noticed Maggie
 13739 | Lair:2   | Killed Maggie
 14658 | Lair:2   | Noticed a boulder beetle
 14675 | Lair:2   | Killed a boulder beetle
 15337 | Lair:3   | Reached XP level 12. HP: 110/110 MP: 11/11
 15417 | Lair:3   | Reached skill level 15 in Axes
 15432 | Lair:3   | Noticed an eight-headed hydra
 15445 | Lair:3   | Killed a 15-headed hydra
 15456 | Lair:3   | Gained mutation: Your system is resistant to poisons.
                  | (rPois) [hidden potential]
 15456 | Lair:3   | Lost mutation: You have hidden genetic potential. [hidden
                  | potential expressed]
 15513 | Lair:3   | Identified the +0 scale mail of Love and Death {Str+6}
 16530 | Lair:3   | Found a staircase to the Shoals.
 16651 | Lair:4   | Received a gift from Trog
 16691 | Lair:4   | Noticed an eight-headed hydra
 16696 | Lair:4   | Killed an 11-headed hydra
 17272 | Lair:4   | Found a hole to the Spider Nest.
 17527 | Lair:4   | Reached skill level 16 in Axes
 17527 | Lair:4   | Reached XP level 13. HP: 104/122 MP: 12/12
 17735 | Lair:4   | Reached skill level 10 in Dodging
 17766 | Lair:4   | Received a gift from Trog
 18234 | Lair:5   | Reached skill level 17 in Axes
 18463 | Lair:5   | HP: 3/124 [death yak (17)]
 18463 | Lair:5   | Slain by a dream sheep

Illustrated notes

Levels and vault maps discovered:
D:1:      lightli_arrival_noodles, layout_rooms,
          shapermc_ecumenical_altar_notcrosses, nicolae_figureground_sparkle
D:2:      layout_loops_ring
D:3:      layout_basic, mainiacjoe_overflow_catwalk, lemuel_tele_altar,
          mainiacjoe_overflow_tiny_flanked, minmay_lizard_king
D:4:      minmay_goblin_kobold_castle, layout_cave_pools,
          grunt_temple_overflow_open, minmay_temple_entry_statues_pillars,
          grunt_decor_junction, kennysheep_generic_room_10
D:5:      minmay_inner_zag, layout_cave_pools
D:6:      layout_basic, mainiacjoe_overflow_six_doors_small, uniq_prince_ribbit1
D:7:      layout_basic
D:8:      layout_layer_cave, general_overflow_altar,
          nicolae_dithmenos_shadow_blocks, david_lair_generic,
          nicolae_lava_and_water, chequers_serial_rivers_micro_c,
          nicolae_shop_fire_sale [nicolae_sub_dead_trees], chequers_big_river
Lair:1:   layout_chaotic_city, nicolae_quartered_pool_little, grunt_megastairs_2
Lair:2:   layout_chaotic_city, serial_bayou, serial_bayou_pond_d,
          serial_bayou_lagoon_b, serial_bayou_shore_a, serial_bayou_pond_a,
          uniq_maggie, uniq_nergalle
Lair:3:   layout_gridlike, minmay_shoals_entry_beasts, lemuel_fruit_fields
Lair:4:   layout_cave_shapes, spider_nest_entry_webs, special_room
          [special_room_bee], grunt_megastairs_3, infiniplex_staircase_pool,
          serial_bayou_shore_b
Lair:5:   nzn_winding_woodlands_cross
          [nzn_winding_woodlands_5x15_river_crossing,
          nzn_winding_woodlands_5x15_longhouse,
          nzn_winding_woodlands_5x15_sidewinder,
          nzn_winding_woodlands_5x15_zeroes,
          nzn_winding_woodlands_15x15_five_gardens], layout_misc_corridors,
          serial_rivers, chequers_serial_rivers_large_a,
          chequers_serial_rivers_marsh, chequers_serial_rivers_small_a,
          chequers_serial_rivers_micro_d, st_stairs_9

Skill      XL: |  1  2  3  4  5  6  7  8  9 10 11 12 13 |
---------------+----------------------------------------+-----
Axes           | 4 5 6 8 9 11 13 14 16 17 | 17.2
Fighting       | 4 5 6 7 9 11 13 14 | 14.1
Armour         | 3 4 5 6 7 9 10 11 12 13 | 13.2
Dodging        | 3 4 5 6 7 8 9 10 | 10.2
Stealth        | 1 2 3 |  3.1

Action                   |  1- 3 |  4- 6 |  7- 9 | 10-12 | 13-15 || total
-------------------------+-------+-------+-------+-------+-------++-------
Melee: Hand axe          |    77 |    97 |   271 |   483 |       ||   928
       Headbutt          |    12 |    10 |    48 |   101 |    21 ||   192
       Punch             |       |     1 |     4 |     7 |     1 ||    13
       Broad axe         |       |       |       |    55 |    92 ||   147
Invok: Berserk           |     2 |     1 |     4 |    15 |     1 ||    23
       Trog's Hand       |       |     1 |       |     1 |       ||     2
  Use: Scroll            |     1 |     5 |       |    12 |       ||    18
       Potion            |       |       |     1 |     4 |     1 ||     6
 Stab: Sleeping          |       |       |     1 |       |       ||     1
Armor: Animal skin       |     2 |       |       |       |       ||     2
       Ring mail         |    21 |    37 |    70 |    35 |       ||   163
       Swamp dragon scal |       |       |       |    51 |       ||    51
       Scale mail        |       |       |       |    45 |    45 ||    90
Dodge: Dodged            |    34 |    71 |   129 |   249 |    50 ||   533
